 Dungeon Crawl Stone Soup version 0.24.0-13-gcf9b3192b9 (webtiles) character file.

Game seed: 6223265676154367879, levelgen mode: deterministic

91 Gynju the Magician (level 4, -1/24 HPs)
             Began as a Deep Elf Fire Elementalist on Oct 31, 2019.
             Succumbed to kobold's curare-tipped dart
             ... on level 3 of the Dungeon on Nov 6, 2019.
             The game lasted 00:03:59 (2415 turns).

Gynju the Magician (Deep Elf Fire Elementalist)     Turns: 2415, Time: 00:04:00

Health: -1/24      AC:  3    Str:  5    XL:     4   Next: 33%
Magic:  12/12      EV: 14    Int: 23    God:
Gold:   55         SH:  0    Dex: 15    Spells: 3/11 levels left

rFire    + . .     SeeInvis .   (no weapon)
rCold    . . .     Gourm    .   (no shield)
rNeg     . . .     Faith    .   a - +0 robe
rPois    .         Spirit   .   (no helmet)
rElec    .         Reflect  .   (no cloak)
rCorr    .         Harm     .   e - +0 pair of gloves
MR       .....                  (no boots)
Stlth    ++........             (no amulet)
HPRegen  0.08/turn              (no ring)
MPRegen  0.13/turn              (no ring)

@: lethally poisoned (-1 -> -20)
A: clever 1, fire resistance 1, wild magic 1
a: no special abilities


You were on level 3 of the Dungeon.
You were not hungry.

You visited 1 branch of the dungeon, and saw 3 of its levels.

You collected 55 gold pieces.

Inventory:

Armour
 a - a +0 robe (worn)
 e - a +0 pair of gloves (worn)
Jewellery
 n - an uncursed ring of resist corrosion {unknown}
Scrolls
 b - a scroll of noise {unknown}
 d - a scroll of fog {unknown}
 g - 3 scrolls of identify {unknown}
 h - a scroll of amnesia {unknown}
 j - a scroll of teleportation {unknown}
 l - a scroll of remove curse {unknown}
Comestibles
 c - 7 rations


   Skills:
 + Level 3.4 Dodging
 - Level 2.4 Stealth
 + Level 4.0 Spellcasting
 + Level 2.4 Conjurations
 + Level 4.0 Fire Magic


You had 3 spell levels left.
You knew the following spells:

 Your Spells              Type           Power        Failure   Level  Hunger
a - Flame Tongue          Conj/Fire      ####.        4%          1    None
b - Conjure Flame         Conj/Fire      ####....     13%         3    ##.....
c - Sticky Flame          Conj/Fire      ####....     34%         4    ####...

Your spell library contained the following spells:

 Spells                   Type           Power        Failure   Level  Hunger
 Throw Flame              Conj/Fire      ####..       7%          2    #......
 Inner Flame              Hex/Fire       ###.....     21%         3    ##.....
 Fireball                 Conj/Fire      ####......   67%         5    ######.


Dungeon Overview and Level Annotations

Branches:
Dungeon (3/15)

Altars:

Annotations:
D:3 exclusion: orc wizard


Innate Abilities, Weirdness & Mutations

Your mind is acute. (Int +2)
Your flesh is heat resistant. (rF+)
Your spells are a little harder to cast, but a little more powerful.


Message History

You can't see any susceptible monsters within range! (Use Z to cast anyway.)
Casting: Flame Tongue (safe; 3% risk of failure)
Confirm with . or Enter, or press ? or * to list all spells.
You can't see any susceptible monsters within range! (Use Z to cast anyway.)
Okay, then.
It was a potion of cancellation.
Your magical effects are unravelling.
You feel magically purged.
You feel yourself speed up.
* * * LOW HITPOINT WARNING * * *
You feel sick.
It was a potion of magic.
Magic courses through your body.
* * * LOW HITPOINT WARNING * * *
You feel sick.
It was a potion of mutation.
You feel extremely strange.
You feel resistant to heat.
You feel less in control of your magic.
You feel clever.
* * * LOW HITPOINT WARNING * * *
You feel sick.
You die...

#.# #.# #.#
#.# #.# #.#
#.#######.#.#
#<.(@...)...#
#########.#.#


There were no monsters in sight!

Vanquished Creatures
  6 gnolls
  A worm (D:2)
  A dart slug (D:2)
  A leopard gecko (D:1)
  An orc (D:2)
  2 hobgoblins
  2 jackals (D:1)
  A quokka (D:2)
  7 goblins
  2 kobolds
  9 rats
33 creatures vanquished.

Notes
Turn   | Place    | Note
-------+----------+-------------------------------------------
     0 | D:1      | Gynju the Deep Elf Fire Elementalist began the quest for
                  | the Orb.
     0 | D:1      | Reached XP level 1. HP: 10/10 MP: 6/6
   349 | D:1      | Reached XP level 2. HP: 15/15 MP: 6/8
  1325 | D:2      | Reached XP level 3. HP: 19/19 MP: 3/10
  1330 | D:2      | Learned a level 3 spell: Conjure Flame
  1628 | D:2      | Reached XP level 4. HP: 18/24 MP: 3/11
  1698 | D:1      | Learned a level 4 spell: Sticky Flame
  2273 | D:2      | Upgraded the game from 0.24.0-2-g5b39cebb1c to
                  | 0.24.0-13-gcf9b3192b9
  2413 | D:3      | HP: 1/24 [poisoned by kobold (curare-tipped dart)]
  2414 | D:3      | Gained mutation: Your flesh is heat resistant. (rF+)
                  | [potion of mutation]
  2414 | D:3      | Gained mutation: Your spells are a little harder to cast,
                  | but a little more powerful. [potion of mutation]
  2414 | D:3      | Gained mutation: Your mind is acute. (Int +2) [potion of
                  | mutation]
  2415 | D:3      | Succumbed to kobold's curare-tipped dart

Levels and vault maps discovered:
D:1:      wander_arrival_desolate, layout_basic, minmay_misc_feat_doors,
          minivault_27
D:2:      layout_loops_corners, grunt_ministairs_5
D:3:      layout_loops_ring, lemuel_coloured_pillars_altar,
          gammafunk_ghost_mausoleum

Skill      XL: |  1  2  3  4 |
---------------+-------------+-----
Dodging        | 3 |  3.4
Conjurations   | 2 |  2.4
Spellcasting   | 4 |  4.0
Fire Magic     | 4 |  4.0
Stealth        | |  2.4

Action                   |  1- 3 |  4- 6 || total
-------------------------+-------+-------++-------
 Cast: Flame Tongue      |    52 |    11 ||    63
  Use: Potion            |       |     3 ||     3
  Eat: Chunk             |     2 |     2 ||     4
Armor: Robe              |     1 |       ||     1
Dodge: Dodged            |    14 |     4 ||    18
